 Dungeon Sprint DCSS version 0.29.1-2-gbd0b4ee654 (webtiles) character file.

Game seed: 18144403475492577392

245 Zeld the Cleaver (level 5, -4/52 HPs)
             Began as a Minotaur Berserker on Oct 26, 2022.
             Was a Follower of Trog.
             Slain by a neqoxec (11 damage)
             ... while paralysed
             ... in the Dungeon (Sprint II: "The Violet Keep of Menkaure").
             The game lasted 00:00:21 (22 turns).

Zeld the Cleaver (Minotaur Berserker)                 Turns: 22, Time: 00:00:21

Health: -4/52      AC:  2    Str: 23    XL:     5   Next: 83%
Magic:  4/4        EV:  2    Int: -2 (4) God:    Trog [*.....]
Gold:   0          SH:  0    Dex: 10    Spells: 4/4 levels left

rFire   . . .      SeeInvis .   a - +0 hand axe
rCold   . . .      Faith    .   (no shield)
rNeg    . . .      Spirit   .   b - +0 animal skin
rPois   .          Reflect  .   (helmet restricted)
rElec   .          Harm     .   (no cloak)
rCorr   .          Rampage  .   (no gloves)
Will    ++...      Rage     3%  (no boots)
Stlth   +......... NoTele   +   (no amulet)
HPRegen 1.00/turn               (no ring)
MPRegen 0.09/turn               (no ring)

@: paralysed, strong-willed, on berserk cooldown, regenerating, slowed, lost
intelligence, unable to read
A: horns 2, retaliatory headbutt, berserk 1, inhibited regeneration
a: Renounce Religion, Berserk


You were in the Dungeon.
You worshipped Trog.
Trog was aware of your devotion.
You visited 1 branch

Inventory:

Hand Weapons
 a - a +0 hand axe (weapon)
Armour
 b - a +0 animal skin (worn)
Scrolls
 h - a scroll of blinking
Potions
 c - a potion of curing
 e - a potion of haste
 f - 2 potions of magic
 g - a potion of berserk rage


   Skills:
 + Level 7.4 Fighting
 * Level 9.9 Axes
 + Level 6.9 Armour
 + Level 6.3 Dodging


You had 4 spell levels left.
You didn't know any spells.
Your spell library was empty.

Dungeon Overview and Level Annotations

Branches:
Dungeon (1/1)

Altars:


Innate Abilities, Weirdness & Mutations

You have a pair of horns on your head.
You reflexively headbutt those who attack you in melee.
You sometimes lose your temper in combat.
You do not regenerate when monsters are visible.


Message History

You are no longer berserk.
You are exhausted.
You feel yourself slow down. The neqoxec closely misses you.
You furiously retaliate!
You headbutt the neqoxec, but do no damage.
The neqoxec gestures at you.
You feel dopey. Something feeds on your intellect!
You feel much better. The neqoxec misses you. You furiously retaliate!
You headbutt the neqoxec! The neqoxec hits you!
* * * LOW HITPOINT WARNING * * *
Okay, then.
Your skin crawls.
You feel strong-willed.
You can no longer call upon Trog for regeneration and willpower.
The neqoxec gestures at you.
Strange energies course through your body.
You feel a little pissed off. The neqoxec gestures at you.
Strange energies course through your body.
Your regeneration stops near monsters.
The neqoxec barely misses you. The neqoxec hits you.
* * * LOW HITPOINT WARNING * * *
Unknown command.
The neqoxec attacks as you move away! The neqoxec hits you.
* * * LOW HITPOINT WARNING * * *
Unknown command.
You slash the neqoxec! You headbutt the neqoxec!
The neqoxec is almost dead.
The neqoxec misses you.
Unknown command.
You hit the neqoxec but do no damage.
The neqoxec is almost dead.
The neqoxec hits you.
* * * LOW HITPOINT WARNING * * *
The neqoxec gestures at you.
You feel dopey.
You have lost your intelligence.
Something feeds on your intellect! The neqoxec hits you!
You die...

### ##
#..##.#
#.3.#
#3#
##@##
+.<.+
##.##
#+#


You could see 2 neqoxecs.

Vanquished Creatures
  2 neqoxecs (D)
2 creatures vanquished.

Notes
Turn   | Place    | Note
-------+----------+-------------------------------------------
     0 | D        | Zeld the Minotaur Berserker began the quest for the Orb.
     0 | D        | Reached XP level 1. HP: 19/19 MP: 0/0
     1 | D        | Noticed a neqoxec
     1 | D        | Noticed a neqoxec
     1 | D        | Noticed a neqoxec
     1 | D        | Noticed a neqoxec
     9 | D        | Killed a neqoxec
    10 | D        | Reached skill level 8 in Axes
    10 | D        | Reached skill level 5 in Armour
    10 | D        | Reached skill level 5 in Dodging
    10 | D        | Reached XP level 2. HP: 4/31 MP: 1/1
    10 | D        | Reached XP level 3. HP: 5/38 MP: 2/2
    10 | D        | Reached XP level 4. HP: 6/45 MP: 3/3
    11 | D        | HP: 3/67 [neqoxec (3)]
    12 | D        | Killed a neqoxec
    12 | D        | Reached ** piety under Trog
    13 | D        | Reached skill level 9 in Axes
    13 | D        | Reached XP level 5. HP: 4/52 MP: 4/4
    18 | D        | Gained mutation: You sometimes lose your temper in combat.
                  | [a neqoxec]
    18 | D        | Gained mutation: You do not regenerate when monsters are
                  | visible. [a neqoxec]
    21 | D        | Lost intelligence.
    22 | D        | Slain by a neqoxec

Illustrated notes

Levels and vault maps discovered:
D:        the_violet_keep_of_menkaure [sprint2_stairs_cluster_1,
          sprint2_shoproom, sprint2_temple, sprint2_basic_supplies,
          sprint2_obstacle_7, sprint2_obstacle_4, sprint2_obstacle_5,
          sprint2_obstacle_3, sprint2_obstacle_2, sprint2_timed_cluster_1,
          sprint2_smallroom_cluster_1, sprint2_smallroom_final_cluster_1,
          sprint2_transparent_cluster_1, sprint2_second_timed_cluster_1,
          sprint2_sniper_area_1, sprint2_heavy_combat_area_1,
          sprint2_mutation_trap_area_1, sprint2_forest_area_1,
          sprint2_light_combat_area_1, sprint2_behind_water_1,
          sprint2_near_end_vault_1]

Skill      XL: |  1  2  3  4 |
---------------+-------------+-----
Fighting       | 6 7 |  7.4
Axes           | 8 9 |  9.9
Armour         | 5 6 |  6.9
Dodging        | 5 6 |  6.3

Action                   |  1- 3 |  4- 6 || total
-------------------------+-------+-------++-------
Melee: Hand axe          |     7 |     8 ||    15
       Headbutt          |       |     2 ||     2
Invok: Berserk           |     1 |       ||     1
       Trog's Hand       |       |     1 ||     1
  Use: Potion            |       |     1 ||     1
Armor: Animal skin       |     1 |       ||     1
Dodge: Dodged            |     1 |     7 ||     8
